 Dungeon Crawl Stone Soup version 0.17-a0-1941-gcc30b76 (webtiles) character file.

5656 Ordine the Thaumaturge (level 10, 0/56 HPs)
             Began as a Gargoyle Fire Elementalist on Sept 30, 2015.
             Was a Believer of Vehumet.
             Slain by an orc warrior
             ... wielding a +0 glaive
              (17 damage)
             ... on level 9 of the Dungeon.
             The game lasted 01:10:09 (7796 turns).

Ordine the Thaumaturge (Gargoyle Fire Elementalist) Turns: 7796, Time: 01:10:09

Health: 0/56       AC: 15    Str: 19    XL:     10   Next: 74%
Magic:  0/22       EV: 12    Int: 19    God:    Vehumet [**....]
Gold:   203        SH:  7    Dex: 10    Spells: 5 memorised, 9 levels left

rFire  + . .     SeeInvis .     o - +0 whip
rCold  x . .     Clarity  +     a - +1 robe
rNeg   + . .     SustAt   .     x - +0 buckler
rPois  ∞         Gourm    .     l - +0 helmet
rElec  +         Spirit   .     (no cloak)
rCorr  .         Warding  .     (no gloves)
rMut   .         Stasis   .     q - +0 pair of boots
MR     .....                    n - amulet of regeneration
Stlth  ++........               w - ring of Propriety {Fire rPois Str+7 Slay-5}
                                z - +3 ring of slaying

@: not resistant to hostile enchantments, unstealthy
A: large bone plates 1, breathe flames 1, clarity, negative energy resistance 1,
electricity resistance, unbreathing, petrification resistance, rot immunity, AC
+7
a: Renounce Religion, Breathe Fire


You were on level 9 of the Dungeon.
You worshipped Vehumet.
Vehumet was pleased with you.
You were hungry.

You visited 2 branches of the dungeon, and saw 10 of its levels.

You collected 365 gold pieces.
You spent 162 gold pieces at shops.

Inventory:

Hand weapons
 o - a +0 whip (weapon)
Armour
 a - a +1 robe (worn)
 l - a +0 helmet (worn)
 q - a +0 pair of boots (worn)
 x - a +0 buckler (worn)
Jewellery
 n - an amulet of regeneration (around neck)
 w - the ring of Propriety (right hand) {Fire rPois Str+7 Slay-5}
   (You bought it in a shop on level 4 of the Dungeon)

   [ring of fire]

   It enhances your fire magic, and weakens your ice magic.
   It affects your strength (+7).
   It affects your accuracy and damage with ranged weapons and melee attacks
   (-5).
   It protects you from fire.
   It makes you vulnerable to cold.
   It protects you from poison.
 z - a +3 ring of slaying (left hand)
Magical devices
 r - a wand of lightning (0)
 s - a wand of polymorph (3)
 v - a wand of slowing (26)
 y - a wand of magic darts (0)
Scrolls
 d - 3 scrolls of teleportation
 e - 2 scrolls of amnesia
 h - a scroll of remove curse
 t - 3 scrolls of enchant armour
 D - a scroll of identify
Potions
 f - 3 potions of agility
 m - 5 potions of flight
 p - a potion of might
 u - a potion of haste
 A - a potion of invisibility
Books
 b - a book of Flames

   Spells                             Type                      Level
   a - Flame Tongue                   Conjuration/Fire             1
   b - Throw Flame                    Conjuration/Fire             2
   c - Conjure Flame                  Conjuration/Fire             3
   d - Inner Flame                    Hexes/Fire                   3
   e - Sticky Flame                   Conjuration/Fire             4
   f - Fireball                       Conjuration/Fire             5
 g - a book of Clouds

   Spells                             Type                      Level
   a - Mephitic Cloud                 Conjuration/Poison/Air       3
   b - Conjure Flame                  Conjuration/Fire             3
   c - Poisonous Cloud                Conjuration/Poison/Air       6
   d - Freezing Cloud                 Conjuration/Ice/Air          6
   e - Ring of Flames                 Charms/Fire                  7
 j - a book of Air

   Spells                             Type                      Level
   a - Shock                          Conjuration/Air              1
   b - Swiftness                      Charms/Air                   2
   c - Repel Missiles                 Charms/Air                   2
   d - Static Discharge               Conjuration/Air              3
   e - Lightning Bolt                 Conjuration/Air              5
 C - a book of Frost

   Spells                             Type                      Level
   a - Freeze                         Ice                          1
   b - Throw Frost                    Conjuration/Ice              2
   c - Ozocubu's Armour               Charms/Ice                   3
   d - Throw Icicle                   Conjuration/Ice              4
   e - Summon Ice Beast               Ice/Summoning                4
   f - Condensation Shield            Ice                          4
Comestibles
 c - 3 bread rations
 i - 2 meat rations
 B - a beef jerky
 F - a fruit


   Skills:
 + Level 3.1 Fighting
 + Level 3.1 Maces & Flails
 - Level 6.0 Armour
 + Level 3.2 Dodging
 - Level 2.1 Stealth
 - Level 6.2 Shields
 * Level 8.0 Spellcasting
 + Level 6.4 Conjurations
 + Level 6.4 Fire Magic
 + Level 0.1 Air Magic
 + Level 2.6 Evocations


You had 9 spell levels left.
You knew the following spells:

 Your Spells              Type           Power        Failure   Level  Hunger
a - Flame Tongue          Conj/Fire      #####        1%          1    None
b - Sticky Flame          Conj/Fire      #####...     10%         4    ###....
c - Fireball              Conj/Fire      #####.....   21%         5    #####..
d - Conjure Flame         Conj/Fire      #####...     1%          3    None
e - Static Discharge      Conj/Air       ###.....     10%         3    None


Dungeon Overview and Level Annotations

Branches:
Dungeon (9/15)             Temple (1/1) D:5            Lair (0/8) D:9
    Orc: D:9-12

Altars:
Ashenzari
Cheibriados
Dithmenos
Elyvilon
Fedhas
Gozag
Kikubaaqudgha
Makhleb
Nemelex Xobeh
Okawaru
Qazlal
Ru
Sif Muna
Trog
Vehumet
Xom
Yredelemnul
Zin
The Shining One

Shops:
D:4 *


Innate Abilities, Weirdness & Mutations

You are resistant to torment.
Your stone body is resilient (AC +7).
You are immune to poison.
You resist negative energy.
You are resistant to electric shocks.
You can survive without breathing.
You are immune to petrification.
You are immune to rotting.
You are partially covered in large bone plates (AC +2, SH +2).
You can breathe flames.
You possess an exceptional clarity of mind.


Message History

The orc warrior is severely wounded.
The orc warrior hits you with a glaive!!
* * * LOW HITPOINT WARNING * * *
You barely miss the orc warrior.
The orc warrior is severely wounded.
The orc warrior hits you but does no damage.
You closely miss the orc warrior.
The orc warrior is severely wounded.
Casting: Flame Tongue
Confirm with . or Enter, or press ? or * to list all spells.
Aiming: Flame Tongue
Press: ? - help, Shift-Dir - straight line, f/p - orc warrior
Aim: an orc warrior, wielding a glaive and wearing a chain mail (severely wounded)
You feel a surge of power!
The flame tongue hits the orc warrior.
The orc warrior is almost dead.
The orc warrior closely misses you.
You hit the orc warrior but do no damage.
The orc warrior is almost dead.
The orc warrior hits you with a glaive!
You die...

#.#######.........#...).###
#....####._..⌠.._....o######
####.........)....o..........
#####......_..._...........##
.......##..(......#.#.#####...
#.......<.......<.......... ..
#.........##.#..##.........
#.§.≈§≈≈§.##.##..(..######.#
#.§§≈§≈§≈.##.@o....## #
#.§≈≈§≈≈≈.##.###...#
#.≈§≈§.≈≈..... #..##
.§§§.≈≈§§###....... .≈§§§≈§..#
.(.###.> §≈≈≈....# ..## #... .
#.# ##. .#


You could see an orc warrior.

Vanquished Creatures
  An ugly thing (D:8)
  Joseph (D:8)
  A fire drake (D:9)
  A troll (D:9)
  A slime creature (D:8)
  A hippogriff (D:8)
  A hog (D:5)
  A hungry ghost (D:8)
  3 ice beasts
  An orc warrior (D:7)
  3 sky beasts
  3 black bears
  A phantom (D:4)
  A wasp (D:8)
  4 centaurs (D:8)
  4 ogres
  A big kobold (D:7)
  A gnoll sergeant (D:7)
  3 giant frogs (D:7)
  3 scorpions
  2 water moccasin skeletons
  6 killer bees (D:9)
  4 crimson imps
  A wasp zombie (D:8)
  4 orc priests
  2 giant frog skeletons
  A quasit (D:6)
  A centaur skeleton (D:8)
  2 giant frog zombies
  9 hounds
  A jelly (D:7)
  6 orc wizards
  2 worker ants
  2 worker ant zombies
  9 gnolls
  3 shadow imps
  5 adders
  2 oozes
  An adder skeleton (D:6)
  A worm (D:3)
  8 giant geckos
  21 orcs
  8 bats
  6 giant cockroaches
  7 hobgoblins
  11 jackals
  2 ball pythons
  3 giant newts
  5 goblins
  2 jackal skeletons
  9 kobolds
  6 quokkas
  7 rats
195 creatures vanquished.

Notes
Turn   | Place    | Note
--------------------------------------------------------------
     0 | D:1      | Ordine the Gargoyle Fire Elementalist began the quest for the Orb.
     0 | D:1      | Reached XP level 1. HP: 10/10 MP: 3/3
   139 | D:1      | Reached XP level 2. HP: 9/15 MP: 3/5
   873 | D:2      | Reached XP level 3. HP: 15/19 MP: 0/7
   974 | D:2      | Found an ancient bone altar of Kikubaaqudgha.
  1662 | D:3      | Reached XP level 4. HP: 24/24 MP: 6/8
  2207 | D:3      | Reached XP level 5. HP: 26/28 MP: 3/10
  2438 | D:3      | Reached skill level 4 in Spellcasting
  2702 | D:4      | Reached XP level 6. HP: 32/32 MP: 6/12
  2956 | D:4      | Found Piomud's Assorted Antiques.
  2963 | D:4      | Bought a gold wand for 72 gold pieces
  2963 | D:4      | Bought a slimy lapis lazuli ring for 90 gold pieces
  2963 | D:4      | Identified the ring of Propriety {Fire rPois Str+7 Slay-5} (You bought it in a shop on level 4 of the Dungeon)
  2972 | D:4      | Noticed a phantom
  2988 | D:4      | Killed a phantom
  3308 | D:5      | Entered Level 5 of the Dungeon
  3322 | D:5      | Reached skill level 5 in Spellcasting
  3384 | D:5      | Found a staircase to the Ecumenical Temple.
  3386 | D:5      | Reached XP level 7. HP: 36/36 MP: 8/14
  3409 | Temple   | Entered the Ecumenical Temple
  3426 | Temple   | Became a worshipper of Vehumet
  3641 | D:5      | Learned a level 4 spell: Sticky Flame
  3709 | D:5      | Learned a level 5 spell: Fireball
  3713 | D:5      | Learned a level 3 spell: Conjure Flame
  4049 | D:5      | Reached skill level 5 in Fire Magic
  4232 | D:6      | Reached skill level 6 in Spellcasting
  4232 | D:6      | Reached XP level 8. HP: 21/41 MP: 6/17
  4282 | D:6      | Reached skill level 5 in Conjurations
  4614 | D:6      | Reached skill level 1 in Armour
  5082 | D:6      | Reached skill level 5 in Armour
  5262 | D:7      | Reached XP level 9. HP: 41/45 MP: 9/18
  5418 | D:7      | Acquired Vehumet's first power
  5418 | D:7      | Offered knowledge of Sting by Vehumet.
  5839 | D:7      | Reached skill level 5 in Shields
  6277 | D:8      | Offered knowledge of Freeze by Vehumet.
  6285 | D:8      | Reached skill level 1 in Fighting
  6285 | D:8      | Reached skill level 1 in Maces & Flails
  6460 | D:8      | Reached skill level 7 in Spellcasting
  6460 | D:8      | Reached skill level 1 in Evocations
  6471 | D:8      | Reached XP level 10. HP: 51/53 MP: 1/20
  6580 | D:8      | Gained mutation: You are partially covered in large bone plates (AC +2, SH +2). [mutagenic meat]
  6581 | D:8      | Gained mutation: You can breathe flames. [mutagenic meat]
  6582 | D:8      | Gained mutation: Your flesh is cold resistant. [mutagenic meat]
  6583 | D:8      | Gained mutation: You possess an exceptional clarity of mind. [mutagenic meat]
  6585 | D:8      | Lost mutation: Your flesh is cold resistant. [mutagenic meat]
  6857 | D:8      | Noticed a brown ugly thing
  6870 | D:8      | Killed a brown ugly thing
  7214 | D:8      | Noticed Joseph
  7223 | D:8      | Killed Joseph
  7319 | D:9      | Found a blossoming altar of Fedhas.
  7319 | D:9      | Found a sparkling altar of Nemelex Xobeh.
  7319 | D:9      | Found a staircase to the Lair.
  7319 | D:9      | Found a glowing silver altar of Zin.
  7320 | D:9      | Found a shimmering altar of Xom.
  7320 | D:9      | Found a stormy altar of Qazlal.
  7341 | D:9      | Found an opulent altar of Gozag.
  7494 | D:9      | Learned a level 3 spell: Static Discharge
  7710 | D:9      | Offered knowledge of Stone Arrow by Vehumet.
  7718 | D:9      | Reached skill level 8 in Spellcasting
  7796 | D:9      | Slain by an orc warrior

Vault maps used:
D:1:      dpeg_arrival_tiny_i, minmay_cut_off
D:2:      kiku_gazebo_pond_becter, first_bread, corexii_corridor_pit
D:4:      serial_shops, shop, minmay_unequal
D:5:      minmay_temple_entry_statues_fountains, minmay_fountain_box
D:6:      st_stairs_1
D:8:      uniq_joseph
D:9:      grunt_temple_overflow_open, minmay_lair_entry_lava, erik_orc_1
Temple:   jpeg_temple_clearing_12

Action                   |  1- 3 |  4- 6 |  7- 9 | 10-12 || total
-------------------------+-------+-------+-------+-------++-------
Melee: Short sword       |    21 |    13 |       |       ||    34
       Spear             |    24 |       |       |       ||    24
       Whip              |       |    30 |   160 |   127 ||   317
       Club              |       |       |   122 |       ||   122
Throw: Javelin           |       |       |     3 |       ||     3
 Cast: Flame Tongue      |    51 |   105 |   236 |   119 ||   511
       Sticky Flame      |       |       |    18 |     7 ||    25
       Static Discharge  |       |       |       |     8 ||     8
       Conjure Flame     |       |       |       |     1 ||     1
Evoke: Wand              |       |       |     6 |    18 ||    24
  Use: Scroll            |     7 |     7 |     5 |     3 ||    22
       Potion            |       |       |     4 |     3 ||     7
  Eat: Chunk             |     3 |     5 |     7 |     9 ||    24
       Fruit             |       |       |     2 |     1 ||     3
       Meat ration       |       |       |     1 |       ||     1
       Beef jerky        |       |       |       |     1 ||     1
